[Event "Mistrovství Čech mládeže 2023 - HD12"]
[Site "Harrachov, Czech Republic"]
[Date "2023.10.23"]
[Round "3.2"]
[White "Zrůst, Lukáš"]
[Black "Mauric, Jan"]
[Result "1-0"]
[TimeControl "90m + 30s"]
[WhiteElo "1685"]
[BlackElo "1260"]

1. Nf3 b6 2. d4 Bb7 3. c4 e6 4. Nc3 Nf6 5. g3 d5 6. Bg2 c5 7. O-O Nc6 8. cxd5 exd5 9. dxc5 Bxc5 10.
Bg5 d4 11. Bxf6 Qxf6 12. Ne4 Qe7 13. Nxc5 bxc5 14. Re1 Rc8 15. e3 O-O 16. exd4 Qd6 17. dxc5 Qxc5 18. Rc1 Qb6 19. Qa4 Nb4 20.
Rxc8 Bxc8 21. Bf1 Be6 22. a3 Nc6 23. Qb5 Rb8 24. Qxb6 Rxb6 25. b4 g6 26. Kg2 Bd5 27. Rd1 Ne7 28.
Be2 Rc6 29. Rd3 Re6 30. Kf1 Rc6 31. Nd4 Rc1+ 32. Rd1 Rxd1+ 33. Bxd1 Nc6 34. Nxc6 Bxc6 35. Ke2 Kf8 36. Ke3 Ke7 37.
Bf3 Bd7 38. Kd4 Kd6 39. Be2 f6 40. f4 g5 41. fxg5 fxg5 42. b5 h6 43. Bd3 Be6 44. Bc4 Bd7 45. a4 Bf5 46. Bd5 Bd7 47.
Kc4 Bg4 48. Bg2 Bd1 49. Kb4 Kc7 50. a5 Bg4 51. Kc5 Bd7 52. b6+ 1-0

[Event "Mistrovství Čech mládeže 2023 - HD12"]
[Site "Harrachov, Czech Republic"]
[Date "2023.10.23"]
[Round "3.3"]
[White "Hokr, Matyáš"]
[Black "Artamonov, Mikhail"]
[Result "0-1"]
[TimeControl "90m + 30s"]
[WhiteElo "1352"]
[BlackElo "1458"]

1. Nf3 Nf6 2. b3 g6 3. Bb2 Bg7 4. e3 O-O 5. Be2 d6 6. O-O e5 7. d4 Nfd7 8. Nbd2 Nc6 9. Ne4 d5 10.
Ng3 e4 11. Nd2 Ne7 12. f3 f5 13. f4 c6 14. c4 Kh8 15. Nh1 Nf6 16. Nf2 Neg8 17. c5 Nd7 18. Qc2 g5 19. g3 gxf4 20.
gxf4 Qh4 21. Kg2 Nh6 22. Rh1 Rg8 23. Kf1 Nf6 24. Qd1 Nfg4 25. Bxg4 fxg4 26. Qe2 Nf5 27. Ke1 Bf6 28. Nf1 Be7 29.
Kd2 b5 30. b4 a5 31. a3 Bd7 32. Rg1 Nh6 33. Rg2 axb4 34. axb4 Rxa1 35. Bxa1 Ra8 36. Bb2 Ra4 37. Kc3 Qh5 38. Kb3 Qe8 39. Qd1 Qa8 40.
Qb1 Bd8 41. Qd1 Rxb4+ 42. Kc3 Rc4+ 43. Kd2 Qa5+ 44. Ke2 Qa2 45. Qd2 b4 46. Nd1 Qb1 47. Ke1 g3 48. Nxg3 Bh3 49. Re2 Bg4 50. Rf2 Bf3 51. Nxe4 dxe4 52.
d5+ Kg8 53. Rg2+ Ng4 54. dxc6 Bh4+ 55. Rg3 Bxg3+ 56. hxg3 Qxd1+ 57. Qxd1 Bxd1 0-1

[Event "Mistrovství Čech mládeže 2023 - HD12"]
[Site "Harrachov, Czech Republic"]
[Date "2023.10.23"]
[Round "3.4"]
[White "Kůsová, Nikola"]
[Black "Kubát, Jonáš"]
[Result "0-1"]
[TimeControl "90m + 30s"]
[WhiteElo "1324"]
[BlackElo "1423"]

1. e4 c6 2. d4 d5 3. f3 e6 4. Nc3 c5 5. Nge2 Nc6 6. Bf4 Qb6 7. Na4 Qa5+ 8. c3 e5 9. exd5 cxd4 10.
dxc6 dxc3 11. Naxc3 exf4 12. cxb7 Bxb7 13. Nxf4 Bb4 14. Nfe2 Nf6 15. a3 Rd8 16. Qc1 Be7 17. Nf4 O-O 18.
Be2 Qb6 19. Qc2 Bc5 20. Nd3 Be3 21. Rd1 Rc8 22. Qb1 Rfd8 23. Nb4 a5 24. Nd3 Nd5 25. Nxd5 Bxd5 26. b4 a4 27. Ne5 Rc3 28.
Qb2 Bd4 29. Ng4 Rc4 30. Qb1 Bc3+ 31. Kf1 Rd4 32. Rxd4 Qxd4 33. Qd3 Qxd3 34. Bxd3 Bxf3 35. Be2 Bxe2+ 36. Kxe2 Bb2 37. Rb1 Bxa3 38.
Ne3 Rb8 39. Nc2 Bxb4 40. Rxb4 Rxb4 41. Nxb4 f5 42. Kd2 Kf7 43. Kc2 Ke6 44. Nd3 Kd5 45. Kc3 Ke4 46. Nc5+ Ke3 47. Nxa4 Kf2 48.
g3 Kg2 49. Nc5 Kxh2 50. Ne6 g6 51. Ng5 Kxg3 52. Nxh7 f4 53. Ng5 f3 54. Ne4 Kg2 0-1

[Event "Mistrovství Čech mládeže 2023 - HD12"]
[Site "Harrachov, Czech Republic"]
[Date "2023.10.23"]
[Round "3.5"]
[White "Rendl, Luboš"]
[Black "Ta, Xuan Nguyen"]
[Result "1-0"]
[TimeControl "90m + 30s"]
[WhiteElo "1420"]
[BlackElo "1252"]

1. d4 d5 2. c4 e6 3. Nc3 Nf6 4. Nf3 c6 5. e3 Be7 6. Bd3 dxc4 7. Bxc4 b5 8. Bd3 Bb7 9. O-O O-O 10.
Qc2 Nbd7 11. e4 g6 12. e5 Ne8 13. Bh6 Ng7 14. Be4 a6 15. Nd2 Re8 16. Qd3 f5 17. exf6 Bxf6 18. Nb3 Nf5 19.
Be3 Qc7 20. Rac1 Rad8 21. Qe2 Nb6 22. Rfd1 Nd5 23. Nxd5 Rxd5 24. Bxd5 exd5 25. Qf3 Qc8 26. h3 Bg7 27. Rc2 Nd6 28.
Nc5 Rf8 29. Qe2 Rf7 30. Qd3 Bf8 31. b3 Qc7 32. Re2 Bc8 33. Bg5 Bf5 34. Qe3 Ne4 35. Nxe4 dxe4 36. Bf4 Bd6 37. Bxd6 Qxd6 38.
Rc2 h5 39. Rc5 Kg7 40. Qc3 Rf6 41. Rc1 Bd7 42. Re5 Rf4 43. Qc5 Qf6 44. Re7+ Kh6 45. Qe5 Qxe5 46. dxe5 Bf5 47. Rxc6 Kg5 48. Rxa6 e3 49. fxe3 Re4 50.
Kf2 h4 51. Rb6 Rb4 52. Rf7 Re4 53. Re7 Kh5 54. Rxb5 g5 55. a4 g4 56. hxg4+ Kxg4 57. a5 h3 58. gxh3+ Kxh3 59. a6 Rg4 60.
Ke1 Rg1+ 61. Kd2 Rg2+ 62. Kc3 Rc2+ 63. Kb4 Bd3 64. a7 Bxb5 65. Kxb5 Rb2 66. a8=Q Rxb3+ 67. Ka4 Rxe3 68. Rg7 Kh2 69.
Qg2# 1-0

[Event "Mistrovství Čech mládeže 2023 - HD12"]
[Site "Harrachov, Czech Republic"]
[Date "2023.10.23"]
[Round "3.6"]
[White "Remizov, Artem"]
[Black "Ježek, Jiří"]
[Result "1-0"]
[TimeControl "90m + 30s"]
[WhiteElo "1259"]
[BlackElo "1392"]

1. e4 c5 2. Nf3 g6 3. Nc3 Bg7 4. Bc4 Nf6 5. d3 Nc6 6. Be3 d6 7. Qe2 O-O 8. O-O-O Bg4 9. h3 Bxf3 10.
gxf3 a6 11. Nd5 Nxd5 12. Bxd5 Qb6 13. c3 a5 14. Qd2 a4 15. Bh6 Qa5 16. Bxg7 Kxg7 17. h4 h5 18. Rdg1 e6 19. Bxc6 bxc6 20.
Kc2 Rab8 21. Qg5 Qb6 22.
Rb1 c4 23. d4 a3 24. Qc1 axb2 25. Rxb2 Qa5 26. Qa1 Qa4+ 27. Kd2
Rxb2+ 28. Qxb2 Ra8 29. Ra1 Qa3 30. Qxa3 Rxa3 31. Kc2 Kf6 32. Kb2 Ra7 33. Rg1 1-0

[Event "Mistrovství Čech mládeže 2023 - HD12"]
[Site "Harrachov, Czech Republic"]
[Date "2023.10.23"]
[Round "3.7"]
[White "Zika, Miroslav"]
[Black "Gernert, Tomáš"]
[Result "1-0"]
[TimeControl "90m + 30s"]
[WhiteElo "1199"]
[BlackElo "1389"]

1. e4 c5 2. Nf3 Nc6 3. d4 cxd4 4. Nxd4 g6 5. c4 Bg7 6. Be3 Nf6 7. Nc3 d6 8. Qd2 Ng4 9. Be2 Nxe3 10.
fxe3 O-O 11. O-O Ne5 12. Rac1 b6 13. Kh1 Ba6 14. b3 Bb7 15. Bf3 Qd7 16. a4 Rac8 17. Ncb5 a6 18. Nc3 Nxf3 19.
gxf3 Qh3 20. Qg2 Qxg2+ 21.
Kxg2 Bh6 22. Kf2 Kh8 23. Nd5 Bxd5 24. cxd5 Rc5 25. b4 Rcc8 26. Rc6 Rxc6 27. Nxc6 Rc8 28. Rb1 Kg7 29. b5 a5 30.
Rg1 Kf6 31. f4 e5 32. fxe5+ dxe5 33.
d6 Ke6 34. Rd1 Kd7 35. Nxe5+ Ke6 36. d7 Rd8 37. Nc4 Rxd7 38. Rxd7 Kxd7 39. Nxb6+ Kc7 40. Nc4 Bf8 41. Nxa5 Bb4 42. Nb3 Kb6 43. Kf3 Bc3 44. Ke2 g5 45.
h3 h5 46. Kd3 g4 47. hxg4 h4 48. Ke2 h3 49. Kf1 h2 50. Kg2 Be5 51. Nd4 Bd6 52. Nf3 Ka5 53. Nxh2 Kxa4 54. Nf3 Kxb5 55.
Nd4+ Kc4 56. Nf5 Be5 57. Kf3 Kd3 58. g5 1-0

[Event "Mistrovství Čech mládeže 2023 - HD12"]
[Site "Harrachov, Czech Republic"]
[Date "2023.10.23"]
[Round "3.9"]
[White "Kroulík, Štěpán"]
[Black "Štor, Jakub"]
[Result "1-0"]
[TimeControl "90m + 30s"]
[WhiteElo "1454"]
[BlackElo "1275"]

1. e4 e5 2. Nf3 Nc6 3. Bb5 d6 4. d4 exd4 5. Nxd4 Nge7 6. O-O g6 7. Bg5 Bd7 8. Bf6 Rg8 9. Nc3 Nxd4 10.
Qxd4 a6 11. Bc4 Nc6 12. Bxd8 Nxd4 13. Bxc7 Nxc2 14. Nd5 Bg7 15. Bxd6 Rc8 16. Nc7+ Kd8 17. Bxf7 Rh8 18. Nd5 Bc6 19.
Rad1 Bd4 20. e5 Bxd5 21. Bxd5 Kd7 22. Bf3 h5 23. Bxb7 Rce8 24. Bxa6 Rh7 25. Bb5+ Kd8 26. Bxe8 Kxe8 27.
Rd2 1-0

[Event "Mistrovství Čech mládeže 2023 - HD12"]
[Site "Harrachov, Czech Republic"]
[Date "2023.10.23"]
[Round "3.10"]
[White "Černý, Rodan"]
[Black "Školoud, Natanael"]
[Result "1/2-1/2"]
[TimeControl "90m + 30s"]
[WhiteElo "1383"]
[BlackElo "1193"]

1. e4 e5 2. Nf3 Nf6 3. Nxe5 d6 4. Nf3 Nxe4 5. d4 d5 6. Be2 Be7 7. O-O O-O 8. Be3 Bf5 9. Nbd2 Nc6 10.
c4 Nxd2 11. Qxd2 Nb4 12. c5 Nc2 13. Rac1 Nxe3 14. fxe3 c6 15. b4 Bg5 16. Nxg5 Qxg5 17. Rf3 Rfe8 18. Rg3 Qe7 19. Rf1 Bg6 20.
Bd3 Bxd3 21. Qxd3 Qe4 22. Qe2 Re6 23. a4 Rh6 24. Rg4 Qe7 25. Qf2 Re8 26. Kh1 Qc7 27. h3 Rg6 28. Rf4 f6 1/2-1/2

[Event "Mistrovství Čech mládeže 2023 - HD12"]
[Site "Harrachov, Czech Republic"]
[Date "2023.10.23"]
[Round "3.12"]
[White "Havlík, David"]
[Black "Zeman, Jonáš"]
[Result "0-1"]
[TimeControl "90m + 30s"]
[WhiteElo "1331"]
[BlackElo "1216"]

1. d4 d5 2. c4 dxc4 3. e4 e5 4. Nf3 exd4 5. Bxc4 Nc6 6. O-O Be6 7. Bxe6 fxe6 8. Qb3 Qd7 9. Bf4 Nf6 10.
Nbd2 Bb4 11. Rac1 Bxd2 12. Nxd2 e5 13. Bg3 O-O-O 14. f3 h5 15. Nc4 Rde8 16. Rfd1 h4 17. Be1 g5 18. Na5 Nxa5 19.
Bxa5 c6 20. Rc4 g4 21. Be1 gxf3 22. Qxf3 Ref8 23. Qa3 a6 24. Bb4 Rfg8 25. Rdc1 Rg7 26. R4c2 Rhg8 27. Qd3 Nh5 28. Kh1 Nf4 29.
Qf1 Rxg2 30. Qc4 R8g7 31. Bd2 Rxh2+ 0-1

[Event "Mistrovství Čech mládeže 2023 - HD12"]
[Site "Harrachov, Czech Republic"]
[Date "2023.10.23"]
[Round "3.15"]
[White "Koupil, Štěpán"]
[Black "Vaníčková, Natálie"]
[Result "1-0"]
[TimeControl "90m + 30s"]
[WhiteElo "1467"]
[BlackElo "1122"]

1. e4 e5 2. Nf3 Nf6 3. Nc3 Nc6 4. d4 Bb4 5. d5 Nxe4 6. Qd3 Bxc3+ 7. bxc3 Nc5 8. Qe3 d6 9. dxc6 bxc6 10.
Nxe5 dxe5 11. Qxc5 Qd6 12. Ba3 O-O 13. Qxd6 cxd6 14. Bxd6 Re8 15. Bc4 Be6 16. Bxe6 Rxe6 17. O-O-O 1-0

[Event "Mistrovství Čech mládeže 2023 - HD12"]
[Site "Harrachov, Czech Republic"]
[Date "2023.10.23"]
[Round "3.16"]
[White "Melicharová, Veronika"]
[Black "Málek, Daniel"]
[Result "0-1"]
[TimeControl "90m + 30s"]
[WhiteElo "1108"]
[BlackElo "1404"]

1. e4 e5 2. Nf3 Nc6 3. d4 exd4 4. Nxd4 Bc5 5. Be3 Qf6 6. c3 Nge7 7. Bc4 O-O 8. O-O d6 9. Na3 Bxa3 10.
bxa3 Qg6 11. Qf3 Ne5 12. Bxf7+ Rxf7 13. Qg3 Qxg3 14. fxg3 Rxf1+ 15. Rxf1 Nc4 16. Bg5 Ng6 17. a4 Bd7 18. Rb1 b6 19. Rb4 Nge5 20. Rb1 c5 21. Nb5 Rc8 0-1

[Event "Mistrovství Čech mládeže 2023 - HD12"]
[Site "Harrachov, Czech Republic"]
[Date "2023.10.23"]
[Round "3.17"]
[White "Frantsev, Iegor"]
[Black "Koutecká, Magdalena"]
[Result "1-0"]
[TimeControl "90m + 30s"]
[WhiteElo "1397"]
[BlackElo "1123"]

1. d4 d5 2. Bf4 Nf6 3. e3 e6 4. c3 c5 5. Nd2 Qb6 6. Qc2 Nc6 7. Ngf3 Bd7 8. Bd3 Rc8 9. Ne5 cxd4 10.
Nxc6 dxe3 11. Bxe3 Qxc6 12. O-O Bd6 13. Bd4 e5 14. Bxe5 Bxe5 15. Rae1 O-O 16. Rxe5 Qd6 17. Rfe1 d4 18.
c4 b6 19. b3 g6 20. h3 Rc7 21. Qb2 Bc6 22. Nf1 Re8 23. Rxe8+ Nxe8 24. Qe2 Ng7 25. Ng3 Qf6 26. Ne4 Bxe4 27.
Qxe4 Kf8 28. Qa8+ Ne8 29. Rxe8+ Kg7 30. Rg8+ Kh6 31. Qf8+ Kg5 32. h4+ Kh5 33. Be2+ Kxh4 34. Qh6# 1-0

[Event "Mistrovství Čech mládeže 2023 - HD12"]
[Site "Harrachov, Czech Republic"]
[Date "2023.10.23"]
[Round "3.18"]
[White "Bukovskij, Dmitri"]
[Black "Vlček, Vítězslav"]
[Result "1/2-1/2"]
[TimeControl "90m + 30s"]
[WhiteElo "1391"]
[BlackElo "1120"]

1. d4 Nf6 2. c4 g6 3. Nf3 Bg7 4. e3 O-O 5. Bd3 d6 6. O-O Nbd7 7. Nc3 e5 8. dxe5 Nxe5 9. Nxe5 dxe5 10.
Be2 Qxd1 11. Rxd1 Be6 12. b3 Rfd8 13. Ba3 Rd7 14. Rxd7 Bxd7 15. Bf3 c6 16. Rd1 Be6 17. h3 Bf8 18.
Bxf8 1/2-1/2

[Event "Mistrovství Čech mládeže 2023 - HD12"]
[Site "Harrachov, Czech Republic"]
[Date "2023.10.23"]
[Round "3.19"]
[White "Křivka, Lukáš"]
[Black "Junová, Alexandra"]
[Result "1/2-1/2"]
[TimeControl "90m + 30s"]
[WhiteElo "1386"]
[BlackElo "1102"]

1. e4 e5 2. Nf3 Nc6 3. d4 exd4 4. Nxd4 d6 5. Bb5 Bd7 6. Bxc6 bxc6 7. Nc3 Be7 8. O-O Nf6 9. h3 O-O 10.
Re1 c5 11. Nf3 Re8 12. b3 Be6 13. Bb2 Nd7 14. Nd5 Bxd5 15. exd5 Bf6 16. Rxe8+ Qxe8 17. Bxf6 Nxf6 18. c4 Qd7 19.
Qd3 h6 20. Re1 Re8 21. Rxe8+ Qxe8 1/2-1/2

[Event "Mistrovství Čech mládeže 2023 - HD12"]
[Site "Harrachov, Czech Republic"]
[Date "2023.10.23"]
[Round "3.20"]
[White "Sehnoutka, Vít"]
[Black "Vo, Daniel"]
[Result "1-0"]
[TimeControl "90m + 30s"]
[WhiteElo "1041"]
[BlackElo "1341"]

1. d4 d5 2. Bf4 Nf6 3. e3 c5 4. c3 Nc6 5. Nf3 Bg4 6. Nbd2 e6 7. Be2 c4 8. Nh4 Bxe2 9. Qxe2 Be7 10.
Nhf3 a5 11. O-O O-O 12. Ne5 Rc8 13.
Ndf3 Nxe5 14. Nxe5 b5 15. h3 b4 16. Ng4 Ne4 17. Qc2 bxc3 18. bxc3 Rc6 19. f3 Nf6 20. Nxf6+ Bxf6 21. Rfd1 Bg5 22.
Bxg5 Qxg5 23. e4 dxe4 24. fxe4 f5 25. Rf1 f4 26. Rf3 Qe7 27. Qa4 Qc7 28. Rd1 Rd6 29. e5 Rd5 30. Rdf1 g5 31.
g3 Qg7 32. Kh2 fxg3+ 33. Kxg3 Rxf3+ 34. Rxf3 Rd8 35. Qxc4 Qe7 36. a4 h5 37. Rf6 Re8 38. d5 exd5 39. Qxd5+ Kg7 40. Rf5 Kg6 41.
Qe4 h4+ 42. Kf3 Kg7 43. Qg4 Kg6 44. Rf6+ Kg7 45. Qxg5+ 1-0

[Event "Mistrovství Čech mládeže 2023 - HD12"]
[Site "Harrachov, Czech Republic"]
[Date "2023.10.23"]
[Round "4.1"]
[White "Honcharov, Makar"]
[Black "Rendl, Luboš"]
[Result "1/2-1/2"]
[TimeControl "90m + 30s"]
[WhiteElo "1872"]
[BlackElo "1420"]

1. e4 c5 2. Nf3 Nc6 3. d4 cxd4 4. Nxd4 Nf6 5. Nc3 e5 6. Ndb5 d6 7. Bg5 a6 8. Na3 b5 9. Nd5 Be7 10.
Bxf6 Bxf6 11. c4 O-O 12. cxb5 Nd4 13. b6 Bb7 14. Bc4 Rc8 15. O-O Bxd5 16. Bxd5 Qxb6 17. Nc4 Qb8 18. Qa4 Rc5 19.
Qxa6 Be7 20. Nb6 Rc7 21. Nc4 Ra7 22. Qb6 Qxb6 23. Nxb6 Rb8 24. Nc4 Rb5 25. a4 Rb4 26. a5 g6 27.
Kh1 Rb5 28. Ra4 Ra6 29. b4 Nc2 30. Rb1 Bd8 31. Rb2 Ne1 32. Na3 Rb8 33. Bc4 Rxa5 34. bxa5 Rxb2 35. a6 Bb6 36. a7 Bxa7 37.
Rxa7 Nc2 38. Bxf7+ Kf8 39. h3 Nxa3 40. Bd5 Nb5 41. Rf7+ Kg8 42. Rb7+ Kh8 43. Kh2 Rb1 44. Rd7 Rb2 45.
Kg3 Rc2 46. Rb7 Rc5 47. Kg4 Nc7 48. Rb8+ Kg7 49. Rg8+ Kf6 50. Rf8+ Kg7 51. Rf7+ Kh6 52. Bb7 1/2-1/2

[Event "Mistrovství Čech mládeže 2023 - HD12"]
[Site "Harrachov, Czech Republic"]
[Date "2023.10.23"]
[Round "4.2"]
[White "Kubát, Jonáš"]
[Black "Zrůst, Lukáš"]
[Result "1/2-1/2"]
[TimeControl "90m + 30s"]
[WhiteElo "1423"]
[BlackElo "1685"]

1. e4 c5 2. Nc3 Nc6 3. Nge2 g6 4. g3 Bg7 5. Bg2 Nf6 6. d3 O-O 7. O-O d6 8. f4 Qc7 9. Be3 Ng4 10.
Qd2 Nxe3 11. Qxe3 Bd4 12. Nxd4 cxd4 13. Nd5 Qd8 14. Qd2 a5 15. f5 Ne5 16.
Qf2 Nc6 17. a3 e6 18. fxe6 fxe6 19. Qxf8+ Qxf8 20. Rxf8+ Kxf8 21. Rf1+ Kg7 22. Nb6 Rb8 23. Bh3 Ne5 24. Nxc8 Rxc8 25.
Bxe6 Rxc2 26. b3 Rd2 27. Bc4 Nxc4 28. dxc4 d3 29. Rf3 h6 30. h3 Ra2 31. Rxd3 Rxa3 32. Rxd6 Rxb3 33. Rd8 Rxg3+ 34. Kh2 Rc3 35. Rd7+ Kf6 36. Rxb7 Rxc4 37. Rb6+ Kf7 38. Rb7+ Ke8 39. Ra7 a4 40. e5 Rc2+ 41. Kg1 Ra2 42.
e6 a3 43. Kh1 Ra1+ 44. Kg2 a2 45. Kh2 g5 46. Kg2 h5 47. Kh2 g4 48. hxg4 hxg4 49. e7 g3+ 50. Kg2 Kf7 51. e8=Q+ Kxe8 52.
Ra8+ Kd7 53. Ra7+ Kc6 54. Ra6+ Kc5 55. Ra5+ Kc4 56. Ra8 Kd4 57. Rd8+ Ke4 58. Re8+ Kd5 59. Ra8 1/2-1/2

[Event "Mistrovství Čech mládeže 2023 - HD12"]
[Site "Harrachov, Czech Republic"]
[Date "2023.10.23"]
[Round "4.3"]
[White "Artamonov, Mikhail"]
[Black "Remizov, Artem"]
[Result "1-0"]
[TimeControl "90m + 30s"]
[WhiteElo "1458"]
[BlackElo "1259"]

1. d4 d5 2. c4 c6 3. Nc3 Nf6 4. Bg5 Bf5 5. e3 Nbd7 6. Nf3 h6 7. Bf4 g5 8. Bg3 e6 9. cxd5 cxd5 10.
a3 Ne4 11. Nxe4 Bxe4 12. Ne5 Nxe5 13. Bxe5 f6 14. Qa4+ Kf7 15. Bg3 Bd6 16. Bxd6 Qxd6 17. f3 Bg6 18. Qb3 Qb6 19. Qxb6 axb6 20. Kd2 Rac8 21. Bd3 Bxd3 22. Kxd3 Rc6 23. Rac1 Rhc8 24. Kd2 e5 25. b4 exd4 26.
exd4 Ke6 27. Rxc6+ bxc6 28. Rc1 Kd6 29. g4 Ra8 30. Rc3 b5 31. Ke3 Ke6 32. Rxc6+ Ke7 33. Rc3 Kf7 34. Kd2 Kg6 35.
Kc2 h5 36. h3 hxg4 37. hxg4 f5 38. Kb3 fxg4 39. fxg4 Kf7 40. Rc5 Ke6 41. Rxb5 Kd6 42. Rb6+ Ke7 43. Rg6 Kf7 44. Rxg5 Ke6 45.
a4 Rd8 46. Rf5 Rg8 47. Rf4 Kd6 48. b5 Kc7 49. Kb4 Kb6 50. a5+ Kb7 51. b6 Ka8 52. a6 Kb8 53. Kb5 Ka8 54. a7 Kb7 55.
Rf7+ Ka8 56. Ka6 Rb8 57. axb8=R+ Kxb8 58. Rf8# 1-0

[Event "Mistrovství Čech mládeže 2023 - HD12"]
[Site "Harrachov, Czech Republic"]
[Date "2023.10.23"]
[Round "4.4"]
[White "Zeman, Jonáš"]
[Black "Zika, Miroslav"]
[Result "0-1"]
[TimeControl "90m + 30s"]
[WhiteElo "1216"]
[BlackElo "1199"]

1. e4 c5 2. Nf3 Nc6 3. d4 cxd4 4.
Nxd4 e6 5. Nc3 Nf6 6. Bg5 Be7 7. f4 O-O 8. Qd2 b6 9. O-O-O Bb7 10. h4 h6 11. Bxf6 Bxf6 12. e5 Bxh4 13.
Rg1 Be7 14. g4 Nxd4 15. Qxd4 Bc5 16. Qxd7 Qxd7 17. Rxd7 Bc8 0-1

[Event "Mistrovství Čech mládeže 2023 - HD12"]
[Site "Harrachov, Czech Republic"]
[Date "2023.10.23"]
[Round "4.5"]
[White "Janoušková, Eliška"]
[Black "Kroulík, Štěpán"]
[Result "1-0"]
[TimeControl "90m + 30s"]
[WhiteElo "1385"]
[BlackElo "1454"]

1. e4 c5 2. d4 cxd4 3. c3 d3 4. c4 Nc6 5. Bxd3 g6 6. Nf3 Bg7 7. O-O d6 8. h3 Bd7 9. Nc3 Nf6 10.
Be3 O-O 11. a3 a5 12. Qd2 Rc8 13. Rac1 Re8 14. Rfd1 Nb8 15. Nd5 Nxd5 16. exd5 Na6 17. b4 axb4 18. axb4 Rf8 19. Be2 Ra8 20.
c5 Nc7 21. c6 bxc6 22. dxc6 Bc8 23. b5 Ne6 24. b6 Ba6 25. Bxa6 Rxa6 26. Qb4 Qb8 27. Qc4 Rxb6 28. Bxb6 Qxb6 29.
Rb1 Qc5 30. Qxc5 Nxc5 31. c7 Na6 32. Rdc1 Rc8 33. Rb7 Kf8 34. Rc6 1-0

[Event "Mistrovství Čech mládeže 2023 - HD12"]
[Site "Harrachov, Czech Republic"]
[Date "2023.10.23"]
[Round "4.6"]
[White "Málek, Daniel"]
[Black "Zelenka, Tomáš"]
[Result "1-0"]
[TimeControl "90m + 30s"]
[WhiteElo "1404"]
[BlackElo "1281"]

1. e4 d6 2. d4 Nf6 3. Nc3 g6 4. Bg5 Bg7 5. Bc4 O-O 6. Nf3 c6 7. Bb3 Bg4 8. h3 Bxf3 9. Qxf3 Nbd7 10.
O-O Qa5 11. Bxf6 Nxf6 12. Rad1 e5 13. d5 c5 14. Qe3 b5 15. a3 b4 16. axb4 cxb4 17. Ra1 Qc7 18. Nb5 Qc5 19. Qxc5 dxc5 20.
f3 Rfc8 21. Rxa7 Rxa7 22. Nxa7 c4 23. Nxc8 cxb3 24. cxb3 Bf8 25. d6 Kg7 26. Rc1 Ne8 27. d7 1-0

[Event "Mistrovství Čech mládeže 2023 - HD12"]
[Site "Harrachov, Czech Republic"]
[Date "2023.10.23"]
[Round "4.7"]
[White "Kolář, Edvard"]
[Black "Zischka, Vít"]
[Result "1-0"]
[TimeControl "90m + 30s"]
[WhiteElo "1473"]
[BlackElo "1274"]

1. d4 Nf6 2. e3 d5 3. f4 e6 4. Nf3 c5 5. c3 Nc6 6. Bd3 Bd6 7. O-O O-O 8. Ne5 Qc7 9. Qf3 Ne7 10.
Qh3 cxd4 11. Ng4 Ne4 12. exd4 Nf5 13. Nd2 Qc6 14. Ne5 Bxe5 15. fxe5 b6 16. g4 Ne7 17. Re1 f5 18. exf6 Nxf6 19.
g5 e5 20. Qg2 Nh5 21. Rxe5 Nf4 22. Qg3 Nxd3 23. Qxd3 Ng6 24. Re1 Bf5 25. Qg3 Qd7 26. Nf3 Be4 27. Nh4 Nxh4 28. Qxh4 Qf5 29.
Qg3 Rae8 30. Be3 Bd3 31. Bf2 Re4 32. Rxe4 Bxe4 33. b3 Rc8 34. Rc1 Bb1 35. a3 Ba2 36. b4 Bc4 37. Re1 Rf8 38.
Qe3 Kh8 39. Bg3 Qh3 40. Bf2 Qf5 41. Kg2 Bd3 42. Bg3 Be4+ 43. Kg1 Qh3 44. Qd2 Kg8 45. Qe2 Qf5 46. Qe3 Qg4 47. c4 Rf3 48. Qd2 Rd3 49. Qf2 Rxa3 50. cxd5 Rf3 51. Qa2 Kh8 52.
d6 Rf8 53. d7 Rd8 54. Qf7 1-0

[Event "Mistrovství Čech mládeže 2023 - HD12"]
[Site "Harrachov, Czech Republic"]
[Date "2023.10.23"]
[Round "4.8"]
[White "Mauric, Jan"]
[Black "Koupil, Štěpán"]
[Result "1/2-1/2"]
[TimeControl "90m + 30s"]
[WhiteElo "1260"]
[BlackElo "1467"]

1. d4 d5 2. Bf4 Nf6 3. Nf3 e6 4. e3 c5 5. c3 Bd6 6. Bg3 O-O 7. Bd3 b6 8. Nbd2 Bb7 9. Bh4 Nbd7 10.
Bg3 Qc7 11. Bxd6 Qxd6 12. Qe2 Rfe8 13. O-O e5 14. Bc2 Rac8 15. dxe5 Nxe5 16. Nxe5 Qxe5 17. Ba4 Bc6 18. Qa6 Bxa4 19.
Qxa4 Rc7 20. Rfe1 Rd8 21. Qd1 Rcd7 22. Qf3 Ne4 23. Re2 Rd6 24. g3 Rf6 25. Qg2 h5 26. h4 Rg6 27. Nxe4 dxe4 28.
Qf1 Qe7 29. Kh2 Rgd6 30. c4 Qf6 31. Rb1 Qf3 32. Qe1 f5 33. Rc1 Rd3 34. Rb1 a6 35. Kg1 b5 36. b3 Kh7 37. Rc1 bxc4 38.
bxc4 Kh8 1/2-1/2

[Event "Mistrovství Čech mládeže 2023 - HD12"]
[Site "Harrachov, Czech Republic"]
[Date "2023.10.23"]
[Round "4.9"]
[White "Ta, Xuan Nguyen"]
[Black "Frantsev, Iegor"]
[Result "1-0"]
[TimeControl "90m + 30s"]
[WhiteElo "1252"]
[BlackElo "1397"]

1. e4 d5 2. exd5 Qxd5 3. Nc3 Qd8 4. Nf3 Nf6 5. Bc4 g6 6. Ne5 e6 7. d4 Bg7 8. O-O O-O 9. Bg5 h6 10. Bh4 a6 11. Qf3 g5 12.
Bg3 c6 13. Rad1 Nbd7 14. Rfe1 Nb6 15. Bb3 Nbd5 16. Ne2 Ne7 17. h3 Nf5 18. Bh2 Qe7 19. Ng3 Nxg3 20. Qxg3 Nd7 21. c3 Nxe5 22. dxe5 b5 23. Rd6 c5 24. Bc2 Bb7 25. Qd3 f5 26. Rd7 Qe8 27. Rxb7 Rd8 28. Qf3 Rd5 29.
Rd1 Qc6 30. Rxd5 exd5 31. Re7 Qg6 32. Qxd5+ Kh8 33. e6 c4 34. g4 b4 35. Bxf5 Qf6 36. Rxg7 Rd8 37. Rh7+ Kg8 38. e7+ 1-0

[Event "Mistrovství Čech mládeže 2023 - HD12"]
[Site "Harrachov, Czech Republic"]
[Date "2023.10.23"]
[Round "4.10"]
[White "Ježek, Jiří"]
[Black "Vorlík, Jáchym"]
[Result "1/2-1/2"]
[TimeControl "90m + 30s"]
[WhiteElo "1392"]
[BlackElo "1210"]

1. d4 Nf6 2. c4 e6 3. Nc3 Bb4 4. Bg5 O-O 5. Nf3 d5 6. e3 h6 7. Bh4 Nbd7 8. a3 Be7 9. Rc1 dxc4 10.
Bxc4 b6 11. O-O Bb7 12. Be2 Rc8 13. Nb5 a6 14. Na7 Ra8 15. Nc6 Bxc6 16. Rxc6 Nd5 17. Bg5 Bf6 18. Bxf6 Ne7 19. Rc1 Nxf6 20. Qc2 Ned5 21. Rfd1 Qe7 22. g3 Rfc8 23. e4 Nxe4 24. Qxe4 f5 25. Qd3 Qf6 26. Qd2 Rf8 27. Ne5 Rfd8 28.
Bf3 Rac8 29. Nc6 Rd6 30. Bxd5 Rxd5 31. Qb4 Kf7 32. Ne5+ Kg8 33. Rc6 Rcd8 34. Rxc7 Rxe5 35. Qxb6 Red5 36.
Qxa6 Rxd4 37. Rxd4 Rxd4 38. Qb7 Kh7 39. Kg2 f4 40. Qf3 e5 41. Rc2 Qf5 42. Re2 g5 43. Qb7+ Kg6 44. Qc6+ Qf6 45.
Qxf6+ Kxf6 46. Rc2 Kf5 47. Rc6 g4 48. gxf4 exf4 49. Rc5+ Kg6 50. Rc1 h5 51. h3 Kg5 52. hxg4 hxg4 53.
Rc8 Rd2 54. Rg8+ Kf5 55. Rf8+ Kg5 56. Rg8+ Kf5 57. Rf8+ Kg5 58. Rg8+ 1/2-1/2

[Event "Mistrovství Čech mládeže 2023 - HD12"]
[Site "Harrachov, Czech Republic"]
[Date "2023.10.23"]
[Round "4.11"]
[White "Gernert, Tomáš"]
[Black "Mrázik, Marek"]
[Result "1/2-1/2"]
[TimeControl "90m + 30s"]
[WhiteElo "1389"]
[BlackElo "1159"]

1. e4 e6 2. d4 d5 3. e5 c5 4. c3 Nc6 5. Nf3 Qb6 6. Bd3 Bd7 7. Bc2 Nh6 8. O-O Be7 9. Bxh6 gxh6 10.
b3 O-O-O 11. a4 f6 12. Qd2 fxe5 13. Nxe5 Nxe5 14. dxe5 Bg5 15. a5 Qc7 16. Qd3 a6 17. Qe2 Bb5 18.
c4 dxc4 19. bxc4 Bc6 20. f4 Bh4 21. Nc3 Rhg8 22. Ne4 Qg7 23. g3 Bxe4 24. Bxe4 1/2-1/2

[Event "Mistrovství Čech mládeže 2023 - HD12"]
[Site "Harrachov, Czech Republic"]
[Date "2023.10.23"]
[Round "4.12"]
[White "Pádivý, Jan"]
[Black "Černý, Rodan"]
[Result "0-1"]
[TimeControl "90m + 30s"]
[WhiteElo "1228"]
[BlackElo "1383"]

1. d4 d5 2. c4 e6 3. Nc3 c5 4. Nf3 Nc6 5. Bf4 Nf6 6. e3 a6 7. Qc2 Be7 8. a3 O-O 9. Rd1 Qa5 10.
dxc5 Qxc5 11. b4 Qa7 12. cxd5 exd5 13. Nxd5 Nxd5 14. Rxd5 Be6 15. Rd1 Rac8 16. Qb1 Bf6 17. Rc1 a5 18.
Bd3 axb4 19. axb4 Nxb4 20. O-O Nxd3 21. Qxd3 Rfd8 22. Rxc8 Rxc8 23. Rd1 h6 24. h3 Qa6 25. Qe4 Rc4 26. Qb1 Ra4 27. Be5 Be7 28. Bc7 Bf6 29.
Be5 Be7 30. Bc7 Qc6 31. Bd8 Bf8 32. Nd4 Ba2 33. Qb2 Qd5 34. Qc2 b5 35. Nf5 Qc4 36. Qxc4 Bxc4 37. Ne7+ Kh7 38. Nc6 Ra6 39.
Ne5 Be6 40. Rb1 b4 41. Nd3 Rd6 42. Nxb4 Rxd8 43. Nc6 Rc8 44. Nd4 Bd5 45. Rb5 Bd6 46. f3 Rc1+ 47. Kf2 Bc4 48. e4 Bxb5 49.
Nxb5 Bf4 50. Nd4 Rb1 51. Nc6 Rb2+ 52. Kf1 Bg3 53. Nd4 Rf2+ 54. Kg1 Rd2 55. Kf1 Rxd4 56. Ke2 Bf4 57. h4 Rd2+ 58. Ke1 Rxg2 59. Kf1 Rh2 60.
Kg1 Rxh4 61. Kf2 Rh2+ 62. Kg1 h5 63. e5 Bxe5 64. f4 Bxf4 0-1